 Dungeon Crawl Stone Soup version 0.27.0-1-g7a089689b8 (webtiles) character file.

Game seed: 5840512570590904474

191 wakim the Ducker (level 5, -2/43 HPs)
             Began as a Gnoll Gladiator on Aug 12, 2021.
             Killed by divine providence
             ... invoked by an orc priest
              (13 damage)
             ... on level 3 of the Dungeon.
             The game lasted 00:05:30 (3973 turns).

wakim the Ducker (Gnoll Gladiator)                  Turns: 3973, Time: 00:05:30

Health: -2/43      AC:  6    Str: 13    XL:     5   Next: 70%
Magic:  7/7        EV: 13    Int:  8    God:
Gold:   86         SH:  0    Dex: 14    Spells: 7/7 levels left

rFire    . . .     SeeInvis +   a - +0 trident
rCold    . . .     Faith    .   (no shield)
rNeg     . . .     Spirit   .   d - +0 ring mail
rPois    .         Reflect  .   c - +0 helmet
rElec    .         Harm     .   (no cloak)
rCorr    .         Rampage  .   (no gloves)
Will     .....                  (no boots)
Stlth    +.........             (no amulet)
HPRegen  0.14/turn              g - ring of see invisible
MPRegen  0.10/turn              (no ring)

@: no status effects
A: fangs 1, strong nose, distributed training
a: no special abilities


You were on level 3 of the Dungeon.
You visited 1 branch of the dungeon, and saw 3 of its levels.

You collected 86 gold pieces.

Inventory:

Hand Weapons
 a - a +0 trident (weapon)
 f - a +0 hand crossbow
Missiles
 h - 3 silver javelins
 j - 3 throwing nets {=f!f}
 k - 17 bolts
 m - 22 poisoned darts (quivered)
Armour
 c - a +0 helmet (worn)
 d - a +0 ring mail (worn)
Jewellery
 g - a ring of see invisible (left hand)
Scrolls
 b - a scroll of teleportation {unknown}
 e - 2 scrolls of brand weapon {unknown}
 i - a scroll of noise {unknown}
 n - a scroll of immolation {unknown}
 W - a scroll of holy word
Potions
 l - a potion of lignification {unknown}
 E - 2 potions of cancellation
 F - 4 potions of curing
 G - a potion of flight


   Skills:
 + Level 4.8 Fighting
 + Level 1.6 Short Blades
 + Level 1.6 Long Blades
 + Level 1.6 Axes
 + Level 1.6 Maces & Flails
 + Level 6.7 Polearms
 + Level 1.6 Staves
 + Level 1.6 Slings
 + Level 1.6 Bows
 + Level 1.6 Crossbows
 + Level 4.8 Throwing
 + Level 1.6 Armour
 + Level 6.7 Dodging
 + Level 1.6 Stealth
 + Level 1.6 Shields
 + Level 1.6 Unarmed Combat
 + Level 1.6 Spellcasting
 + Level 1.2 Conjurations
 + Level 1.2 Hexes
 + Level 1.2 Summonings
 + Level 1.2 Necromancy
 + Level 1.2 Translocations
 + Level 1.2 Transmutations
 + Level 1.2 Fire Magic
 + Level 1.2 Ice Magic
 + Level 1.2 Air Magic
 + Level 1.2 Earth Magic
 + Level 1.2 Poison Magic
 + Level 1.8 Invocations
 + Level 1.6 Evocations


You had 7 spell levels left.
You didn't know any spells.
Your spell library was empty.

Dungeon Overview and Level Annotations

Branches:
Dungeon (3/15)

Altars:

Annotations:
D:2 Sigmund


Innate Abilities, Weirdness & Mutations

You have very sharp teeth.
Your uncanny sense of smell can sniff out nearby items.
Your experience applies equally to all skills.


Message History

You hit the orc.
The orc is moderately wounded.
The orc hits you but does no damage.
You closely miss the orc.
The orc is moderately wounded.
The orc closely misses you.
You hit the orc.
The orc is heavily wounded.
The orc hits you with a +0 whip.
You hit the orc.
You kill the orc!
You closely miss the orc priest. The orc priest closely misses you.
You barely miss the orc priest. The orc priest hits you with a +0 mace.
You puncture the orc priest!
The orc priest is severely wounded.
The orc priest hits you with a +0 mace.
* * * LOW HITPOINT WARNING * * *
You hit the orc priest.
The orc priest is almost dead.
The orc priest calls down the wrath of Beogh upon you.
Beogh smites you!
* * * LOW HITPOINT WARNING * * *
You closely miss the orc priest.
The orc priest is almost dead.
The orc priest hits you but does no damage.
You barely miss the orc priest.
The orc priest is almost dead.
The orc wizard casts a spell.
The orc wizard flickers and vanishes for a moment.
The orc priest hits you with a +0 mace.
* * * LOW HITPOINT WARNING * * *
You hit the orc priest but do no damage.
The orc priest is almost dead.
The orc priest invokes the aid of Beogh against you.
You barely resist. You barely miss the orc priest.
The orc priest is almost dead.
The orc priest invokes the aid of Beogh against you.
Beogh smites you!
You die...

# # ∆ # ##### ### ##..#
.. #### . #...##
##.####.. ... ..#..##
#.......###.....
####..#
#..####.@oo..... #
##.###.##...)###.....
#######.....†##### ....
.#......#..##....##...
#
.....###..###....##..#
).......>## #.......[#
.<..#.....###........#
÷)#####............#.##
........#.....†..#.#..#


You could see an orc priest and an orc wizard (invisible).

Vanquished Creatures
  An orc priest (D:3)
  4 gnolls
  2 adders (D:2)
  2 worms
  2 dart slugs
  11 orcs (D:3)
  5 ball pythons
  6 endoplasms
  2 giant cockroaches
  7 goblins
  7 hobgoblins
  11 jackals (D:1)
  5 kobolds
  3 quokkas
  3 bats
  3 frilled lizards (D:1)
  2 rats (D:1)
76 creatures vanquished.

Notes
Turn   | Place    | Note
-------+----------+-------------------------------------------
     0 | D:1      | wakim the Gnoll Gladiator began the quest for the Orb.
     0 | D:1      | Reached XP level 1. HP: 20/20 MP: 1/1
   139 | D:1      | Reached XP level 2. HP: 22/26 MP: 2/2
   422 | D:1      | Reached XP level 3. HP: 31/31 MP: 3/3
   562 | D:1      | Reached skill level 1 in Invocations
  1039 | D:2      | Reached skill level 1 in Short Blades
  1039 | D:2      | Reached skill level 1 in Long Blades
  1039 | D:2      | Reached skill level 1 in Axes
  1039 | D:2      | Reached skill level 1 in Maces & Flails
  1039 | D:2      | Reached skill level 1 in Staves
  1039 | D:2      | Reached skill level 1 in Slings
  1039 | D:2      | Reached skill level 1 in Bows
  1039 | D:2      | Reached skill level 1 in Crossbows
  1039 | D:2      | Reached skill level 1 in Armour
  1039 | D:2      | Reached skill level 1 in Stealth
  1039 | D:2      | Reached skill level 1 in Shields
  1039 | D:2      | Reached skill level 1 in Unarmed Combat
  1039 | D:2      | Reached skill level 1 in Spellcasting
  1039 | D:2      | Reached skill level 1 in Evocations
  1067 | D:1      | Reached XP level 4. HP: 5/38 MP: 5/5
  1723 | D:2      | Reached skill level 1 in Conjurations
  1723 | D:2      | Reached skill level 1 in Hexes
  1723 | D:2      | Reached skill level 1 in Summonings
  1723 | D:2      | Reached skill level 1 in Necromancy
  1723 | D:2      | Reached skill level 1 in Translocations
  1723 | D:2      | Reached skill level 1 in Transmutations
  1723 | D:2      | Reached skill level 1 in Fire Magic
  1723 | D:2      | Reached skill level 1 in Ice Magic
  1723 | D:2      | Reached skill level 1 in Air Magic
  1723 | D:2      | Reached skill level 1 in Earth Magic
  1723 | D:2      | Reached skill level 1 in Poison Magic
  2088 | D:2      | Noticed Sigmund
  2403 | D:2      | Reached XP level 5. HP: 43/43 MP: 6/6
  2611 | D:2      | Found a faded altar of an unknown god.
  3973 | D:3      | Killed from afar by an orc priest

Illustrated notes

Levels and vault maps discovered:
D:1:      psy_arrival_conway, layout_basic, serial_rivers,
          chequers_serial_rivers_marsh, chequers_serial_rivers_micro_d,
          chequers_serial_rivers_small_a, chequers_serial_rivers_micro_b,
          chequers_serial_rivers_micro_c, chequers_serial_rivers_large_a
D:2:      layout_loops_cross, hellmonk_ecumenical_altar_slurped_away,
          uniq_sigmund
D:3:      layout_rooms

Skill      XL: |  1  2  3  4 |
---------------+-------------+-----
Invocations    | 1 |  1.8
Short Blades   | 1 |  1.6
Long Blades    | 1 |  1.6
Axes           | 1 |  1.6
Maces & Flails | 1 |  1.6
Staves         | 1 |  1.6
Slings         | 1 |  1.6
Bows           | 1 |  1.6
Crossbows      | 1 |  1.6
Armour         | 1 |  1.6
Stealth        | 1 |  1.6
Shields        | 1 |  1.6
Unarmed Combat | 1 |  1.6
Spellcasting   | 1 |  1.6
Evocations     | 1 |  1.6
Conjurations   | 1 |  1.2
Hexes          | 1 |  1.2
Summonings     | 1 |  1.2
Necromancy     | 1 |  1.2
Translocations | 1 |  1.2
Transmutations | 1 |  1.2
Fire Magic     | 1 |  1.2
Ice Magic      | 1 |  1.2
Air Magic      | 1 |  1.2
Earth Magic    | 1 |  1.2
Poison Magic   | 1 |  1.2
Fighting       | |  4.8
Polearms       | |  6.7
Throwing       | |  4.8
Dodging        | |  6.7

Action                   |  1- 3 |  4- 6 || total
-------------------------+-------+-------++-------
Melee: Trident           |   103 |   187 ||   290
       Bite              |     5 |    14 ||    19
       Punch             |       |     1 ||     1
Throw: Dart              |       |     1 ||     1
  Use: Scroll            |       |     6 ||     6
       Potion            |       |     1 ||     1
 Stab: Sleeping          |       |     3 ||     3
Armor: Leather armour    |    13 |     3 ||    16
       Ring mail         |       |    51 ||    51
Dodge: Dodged            |    58 |    86 ||   144
